cohdb
Replays
Latest Replays
All Replays
Popular Replays
Top Player Replays
Match Explorer
How It Works
Community
CoH3 Stats
Reddit
Sign in to upload your games and track your stats! →
Sign in with Steam
Match 42209502
Unlisted
Match 42209502
Overview
Messages
Build Orders
End
Royal Engineer Section
Construct Section Command Post
Selects Canadian Shock Battlegroup
Dingo Light Scout Car
Infantry Section
Infantry Section
ML 3-inch Mortar Team
Selects Attacking Spirit
Selects Canadian Shock Section
Construct Platoon Command Post
Humber Armored Car
Infantry Section
Construct Field Infirmary
Selects Incendiary Munitions
Selects Pyrotechnics
Grenade Package
Vickers Machine Gun Team
6-pounder Anti-tank Gun Team
Infantry Section
Construct Company Command Post
Royal Engineer Section
Matilda II Heavy Tank
Selects Churchill Crocodile Heavy Tank
Churchill Crocodile Heavy Tank
Armored Vehicle Training
Infantry Training
Zappa
spinn72
XDAY- LE MALADE MENTAL
homig
kerem
[Ⓥ] Haisen
0
0
Comments
sign in to comment!
No comments posted yet!